 Dungeon Crawl Stone Soup version 0.30-a0-1163-gf69bf04e7a (webtiles) character file.

Game seed: 12131898165724048180

85 ytrimaz the Ducker (level 4, 0/49 HPs)
             Began as a Demonspawn Gladiator on Apr 28, 2023.
             Succumbed to Sigmund's poison
             ... on level 2 of the Dungeon.
             The game lasted 00:01:22 (1003 turns).

ytrimaz the Ducker (Demonspawn Gladiator)           Turns: 1003, Time: 00:01:23

Health: 0/49       AC: 22    Str: 14    XL:     4   Next: 25%
Magic:  4/4        EV:  2    Int: 10    God:
Gold:   106        SH:  0    Dex: 16    Spells: 3/3 levels left

rFire   . . .        a - +0 long sword
rCold   . . .        (no shield)
rNeg    + . .        b - melded +0 leather armour
rPois   +            c - melded +0 helmet
rElec   .            (cloak currently unavailable)
rCorr   .            (gloves currently unavailable)
SInv    .            (boots currently unavailable)
Will    .....        n - amulet of the acrobat
Stlth   +            l - ring of positive energy
HPRegen 0.28/turn    (no ring)
MPRegen 0.09/turn

%: acrobat
@: confused, lethally poisoned (0 -> -1), tree-form, attractive
A: stationary, stasis, torment immunity, boosted hp, (spiny 1)
a: no special abilities


You were on level 2 of the Dungeon.
You were a tree.
You visited 1 branch of the dungeon, and saw 2 of its levels.

You collected 106 gold pieces.


Innate Abilities, Weirdness & Mutations

You are a tree.
Your roots penetrate the ground, keeping you stationary.
You cannot be teleported.
You are immune to unholy pain and torment.
Your maximum health is greatly increased.
Your equipment is partially melded.
((You are partially covered in sharp spines.))


   Skills:
 - Level 2.0 Fighting
 + Level 3.4 Long Blades
 - Level 1.7 Throwing
 * Level 4.1 Dodging


You had 3 spell levels left.
You didn't know any spells.
Your spell library contained the following spells:

 Spells                   Type           Power      Damage    Failure   Level
 Apportation              Tloc           0%         N/A       36%         1
 Magic Dart               Conj           0%         1d3       36%         1
 Necrotise                Necr           0%         1d4       36%         1
 Summon Small Mammal      Summ           0%         N/A       36%         1
 Searing Ray              Conj           0%         2d4       50%         2
 Gell's Gravitas          Tloc           0%         N/A       75%         3
 Teleport Other           Tloc           0%         N/A       75%         3
 Fulminant Prism          Conj/Hex       0%         3d5       98%         4
 Dispersal                Tloc           0%         N/A       100%        6

Inventory:

Hand Weapons
 a - a +0 long sword (weapon)
Missiles
 e - a javelin (quivered)
Armour
 b - a +0 leather armour (melded)
 c - a +0 helmet (melded)
Jewellery
 l - a ring of positive energy (left branch)
   (You found it on level 1 of the Dungeon)
 m - a ring of magical power
   (You found it on level 2 of the Dungeon)
 n - an amulet of the acrobat (around neck)
   (You found it on level 2 of the Dungeon)
Scrolls
 f - a scroll of enchant weapon {unknown}
 g - a scroll of immolation {unknown}
 k - a scroll of amnesia {unknown}
 o - 2 scrolls of teleportation {unknown}
 p - a scroll of magic mapping {unknown}
Potions
 i - 2 potions of magic

Dungeon Overview and Level Annotations

Branches:
Dungeon (2/15) Zot: 10973

Altars:

Annotations:
D:2 Sigmund

......# #......####.
#### ...(.# ######......
..... ....# #######..
.....##...######...###.#
..!...........(.....♣♣♣.
.....................♣..
........................
.....##.........♣.......
#......♣.......♣♣..?....
#.....${................
#..........#.........(..
#..........#...†....####
#..........#.?.....## #
#..........#♣......#
#.........(#♣♣.....#
#..........#♣......#
./.....#........#


There were no monsters in sight!


Message History

The magic dart hits you. 😮 HP[-3]
You take 3 damage, and now have 19/33 hp.
It was a potion of flight.
You feel very buoyant.
You fly up into the air.
You feel sick. Something hits you but does no damage.
You are more poisoned. 😮 HP[-1]
You take 1 damage, and now have 18/33 hp.
It was a potion of attraction.
You feel attractive to monsters.
You feel very sick. 😨 HP[-3]
You take 3 damage, and now have 15/33 hp.
Unknown command.
It was a potion of lignification.
You turn into a tree.
Your +0 helmet melds into your body.
Your +0 leather armour melds into your body.
Your roots penetrate the ground.
You feel sick.
Something hits you but does no damage. 😨 HP[+7]
You now have 49 max hp (+16).
You regained 7 hp, and now have 22/49 hp.
Unknown command.
You cannot move.
Unknown command.
You cannot move.
You cannot move.
Unknown command.
You cannot move.
You miss something.
You feel sick.
You hear some strange, mumbled words.
A puff of flame appears from out of thin air!
The puff of flame hits you but does no damage. 😨 HP[-2]
You take 2 damage, and now have 20/49 hp.
You hit something.
You feel sick. Something hits you.
* * * LOW HITPOINT WARNING * * *
You are more poisoned. 😨 HP[-2]
You take 2 damage, and now have 18/49 hp.
You hit something.
* * * LOW HITPOINT WARNING * * *
You feel very sick.
You hear some strange, mumbled words.
You are confused. 😨 HP[-4]
You take 4 damage, and now have 14/49 hp.
Non-targeted confused throw: 3 throwing nets
Press: ? - help, Q - select action, (/) - cycle Dir - look around, f - activate You throw a throwing net.
You feel very sick.
You hear some strange, mumbled words.
You are more confused. 😱 HP[-3]
You take 3 damage, and now have 11/49 hp.
Non-targeted confused throw: 2 throwing nets
Press: ? - help, Q - select action, (/) - cycle Dir - look around, f - activate You throw a throwing net.
You feel sick. Something hits you.
* * * LOW HITPOINT WARNING * * *
😱 HP[-6]
You take 6 damage, and now have 5/49 hp.
Unknown command.
Non-targeted confused throw: throwing net
Press: ? - help, Q - select action, (/) - cycle Dir - look around, f - activate You throw a throwing net.
* * * LOW HITPOINT WARNING * * *
You feel sick. Something hits you but does no damage.
Unknown command.
Okay, then.
You are too confused!
You cannot move. (Use ctrl+direction or * direction to attack while stationary and confused.)
You cannot move. (Use ctrl+direction or * direction to attack while stationary and confused.) Unknown command.
You cannot move. (Use ctrl+direction or * direction to attack while stationary and confused.) Unknown command.
You miss something.
* * * LOW HITPOINT WARNING * * *
You feel sick. 😱 HP[-2]
You take 2 damage, and now have 3/49 hp.
You swing at nothing.
* * * LOW HITPOINT WARNING * * *
You feel sick.
You hear some strange, mumbled words.
Something tries to affect you, but you resist.
Something hits you but does no damage. 😱 HP[-1]
You take 1 damage, and now have 2/49 hp.
You swing at nothing.
* * * LOW HITPOINT WARNING * * *
You feel sick.
You completely miss something.
* * * LOW HITPOINT WARNING * * *
You feel sick.
Something hits you but does no damage. 😱 HP[-1]
You take 1 damage, and now have 1/49 hp.
You nearly hit yourself!
You die...

Skill      XL: |  1  2  3 |
---------------+----------+-----
Dodging        | 3 4 |  4.1
Long Blades    | 3 |  3.4
Fighting       | |  2.0
Throwing       | |  1.7

Action                     |  1- 3 |  4- 6 || total
---------------------------+-------+-------++-------
  Melee: Long sword        |    73 |    19 ||    92
         Punch             |     2 |       ||     2
  Throw: Throwing net      |       |     3 ||     3
    Use: Potion            |       |     4 ||     4
 Armour: Leather armour    |    16 |     2 ||    18
         Skin              |       |     5 ||     5
  Dodge: Dodged            |    46 |     9 ||    55

Levels and vault maps discovered:
D:1:      heliophobic_arrival_dark_side_of_the_moon, layout_basic
D:2:      layout_basic, hangedman_glass_garden, kennysheep_decorative_pillar,
          minmay_joined_circles, uniq_terence, uniq_sigmund

Notes
Turn   | Place    | Note
-------+----------+-------------------------------------------
     0 | D:1      | ytrimaz the Demonspawn Gladiator began the quest for the
                  | Orb.
     0 | D:1      | Reached XP level 1. HP: 16/16 MP: 1/1
     0 | D:1      | magus.rc [v1.9.6]
   156 | D:1      | Reached skill level 3 in Dodging
   251 | D:1      | Gained mutation: You are partially covered in sharp spines.
                  | [demonic ancestry]
   251 | D:1      | Reached XP level 2. HP: 13/22 MP: 2/2
   690 | D:2      | You add the spells Gell's Gravitas, Teleport Other and
                  | Dispersal to your library.
   717 | D:2      | You pick up a book of Cantrips and begin reading...
   717 | D:2      | You add the spells Necrotise, Summon Small Mammal and
                  | Apportation to your library.
   723 | D:2      | Reached skill level 3 in Long Blades
   736 | D:2      | Reached XP level 3. HP: 27/27 MP: 3/3
   775 | D:2      | You pick up a book of Conjurations and begin reading...
   775 | D:2      | You add the spells Magic Dart, Searing Ray and Fulminant
                  | Prism to your library.
   826 | D:2      | Noticed Terence
   835 | D:2      | Killed Terence
   836 | D:2      | Reached skill level 4 in Dodging
   836 | D:2      | Reached XP level 4. HP: 16/33 MP: 4/4
   978 | D:2      | Noticed Sigmund
   996 | D:2      | HP: 11/49 [poisoned by Sigmund]
   997 | D:2      | HP: 5/49 [something (4)]
  1000 | D:2      | HP: 2/49 [poisoned by Sigmund]
  1003 | D:2      | Succumbed to Sigmund's poison

Vanquished Creatures
  Terence (D:2)
  2 adders (D:2)
  2 worms (D:2)
  2 ball pythons (D:2)
  6 endoplasms
  A giant cockroach (D:2)
  A goblin (D:1)
  4 hobgoblins
  2 kobolds (D:1)
  2 quokkas (D:2)
  6 bats (D:2)
  3 frilled lizards
  3 rats (D:2)
35 creatures vanquished.

Table legend:
 A = Non-vault XP
 B = Vault XP
 C = Vault XP percentage of total XP
 D = Non-vault monster count
 E = Vault monster count
 F = Vault count percentage of total count
                 A         B        C        D         E       F
            +---------+---------+-------+---------+---------+-------
      Total |      31 |      91 |  74.6 |      17 |      18 |  51.4
            +---------+---------+-------+---------+---------+-------
        D:1 |      16 |       0 |   0.0 |       9 |       0 |   0.0
        D:2 |      15 |      91 |  85.8 |       8 |      18 |  69.2
            +---------+---------+-------+---------+---------+-------

Skill      XL: |  1  2  3 |
---------------+----------+-----
Dodging        | 3 4 |  4.1
Long Blades    | 3 |  3.4
Fighting       | |  2.0
Throwing       | |  1.7

Action                     |  1- 3 |  4- 6 || total
---------------------------+-------+-------++-------
  Melee: Long sword        |    73 |    19 ||    92
         Punch             |     2 |       ||     2
  Throw: Throwing net      |       |     3 ||     3
    Use: Potion            |       |     4 ||     4
 Armour: Leather armour    |    16 |     2 ||    18
         Skin              |       |     5 ||     5
  Dodge: Dodged            |    46 |     9 ||    55

Illustrated notes

Table legend:
 A = Kills in this place as a percentage of kills in the entire game.
 B = Kills by you in this place as a percentage of kills by you in the entire game.
 C = Kills by friends in this place as a percentage of kills by friends in the entire game.
 D = Other kills in this place as a percentage of other kills in the entire game.
 E = Experience gained in this place as a percentage of experience gained in the entire game.
 F = Experience gained in this place divided by the number of levels of this place that you have seen.
                   A       B       C       D       E      F
               +-------+-------+-------+-------+-------+----------------------
         Total | 100.0 | 100.0 |   N/A |   N/A | 100.0 |  61.0
       Dungeon | 100.0 | 100.0 |   N/A |   N/A | 100.0 |  61.0
               +-------+-------+-------+-------+-------+----------------------

Table legend: (Time is in decaauts)
 A = Elapsed time spent in this place.
 B = Non-inter-level travel time spent in this place.
 C = Inter-level travel time spent in this place.
 D = Time resting spent in this place.
 E = Time spent auto-exploring this place.
 F = Levels seen in this place.
 G = Mean time per level.
                   A        B        C        D        E       F      G
               +--------+--------+--------+--------+--------+-----+--------+
         Total |   1026 |    992 |     34 |      0 |    767 |   2 |  513.0 |
       Dungeon |   1026 |    992 |     34 |      0 |    767 |   2 |  513.0 |
               +--------+--------+--------+--------+--------+-----+--------+

Top non-repeatable levels by time:
     D:1: 653 daAuts
     D:2: 373 daAuts
